 Dungeon Crawl Stone Soup version 0.18-a0-998-gcb3fcb1 (webtiles) character file.

1555 Daviar the Poker (level 8, -10/69 HPs)
             Began as a Demigod Gladiator on Jan 6, 2016.
             Mangled by an orc warrior
             ... wielding a +2 long sword of electrocution
              (20 damage)
             ... on level 6 of the Dungeon.
             The game lasted 00:12:34 (5716 turns).

Daviar the Poker (Demigod Gladiator)                Turns: 5716, Time: 00:12:34

Health: -10/69     AC:  7    Str: 20    XL:     8   Next: 32%
Magic:  17/17      EV: 15    Int: 12    God:
Gold:   301        SH:  0    Dex: 22    Spells: 1 memorised, 11 levels left

rFire  . . .     SeeInvis +     q - +0 halberd
rCold  + + .     Gourm    .     C - +1 robe of Follow the Leader {rPois rC++ Dex+4}
rNeg   . . .     Faith    .     (shield currently unavailable)
rPois  +         Spirit   .     c - +0 helmet
rElec  .         Dismiss  .     (no cloak)
rCorr  .         Reflect  .     (no gloves)
SustAt +         Harm     .     H - +2 pair of boots
MR     .....                    (no amulet)
Stlth  ++........               b - ring of poison resistance
                                k - ring of see invisible (curse)

@: not resistant to hostile enchantments, unstealthy
A: high mp 1, sustain attributes
a: no special abilities


You were on level 6 of the Dungeon.
You were not hungry.

You visited 1 branch of the dungeon, and saw 6 of its levels.

You collected 301 gold pieces.

Inventory:

Hand Weapons
 a - a +0 trident
 q - a +0 halberd (weapon)
Missiles
 d - 2 throwing nets (quivered)
Armour
 c - a +0 helmet (worn)
 e - a +0 shield
 x - a +0 leather armour of fire resistance
 y - a +0 scale mail
 C - the +1 robe of Follow the Leader (worn) {rPois rC++ Dex+4}
   (You found it on level 5 of the Dungeon)

   It affects your dexterity (+4).
   It greatly protects you from cold.
   It protects you from poison.
 H - a +2 pair of boots (worn)
Jewellery
 b - a ring of poison resistance (right hand)
 k - a cursed ring of see invisible (left hand)
 r - an uncursed ring of invisibility
Scrolls
 h - 4 scrolls of identify
 l - 4 scrolls of recharging {unknown}
 m - a scroll of fog {unknown}
 o - 9 scrolls of teleportation {unknown}
 w - 2 scrolls of fear {unknown}
 A - a scroll of amnesia {unknown}
 B - a scroll of enchant armour {unknown}
 D - 2 scrolls of remove curse {unknown}
 E - a scroll of acquirement {unknown}
Potions
 i - 2 potions of lignification {unknown}
 j - a potion of mutation {unknown}
 n - a potion of heal wounds {unknown}
 p - a potion of brilliance {unknown}
 s - a potion of cancellation {unknown}
 t - a potion of magic {unknown}
 z - a potion of ambrosia {unknown}
 G - a potion of flight {unknown}
Books
 u - a book of Party Tricks

   Spells                             Type                      Level
   a - Summon Butterflies             Summoning                    1
   b - Apportation                    Translocation                1
   c - Tukima's Dance                 Hexes                        3
   d - Alistair's Intoxication        Transmutation/Poison         4
   e - Invisibility                   Hexes                        6
Comestibles
 f - 3 bread rations
 g - 4 fruits
 v - 2 meat rations
 F - a beef jerky
 I - 4 chunks of flesh


   Skills:
 + Level 5.4 Fighting
 + Level 5.7 Polearms
 - Level 1.7 Throwing
 - Level 3.4 Dodging
 + Level 3.7 Spellcasting
 + Level 4.0 Hexes
 - Level 1.0 Evocations


You had 11 spell levels left.
You knew the following spells:

 Your Spells              Type           Power        Failure   Level  Hunger
a - Tukima's Dance        Hex            ##......     14%         3    ###....


Dungeon Overview and Level Annotations

Branches:
Dungeon (6/15)             Temple (0/1) D:4

Shops:
D:6 (


Innate Abilities, Weirdness & Mutations

You have an increased reservoir of magic (+10% MP).
Your attributes are resistant to harm.


Message History

There are monsters nearby!
Found a stone staircase leading up.
The orc warrior shouts!
You closely miss the orc warrior.
The orc warrior hits you with a long sword of electrocution.
You are electrocuted!
You hit the orc warrior but do no damage.
The orc warrior hits you with a long sword of electrocution.
You hit the orc warrior.
The orc warrior is lightly wounded.
The orc warrior hits you with a long sword of electrocution!
You barely miss the orc warrior.
The orc warrior is lightly wounded.
The orc warrior hits you with a long sword of electrocution!
You are electrocuted!
* * * LOW HITPOINT WARNING * * *
You closely miss the orc warrior.
The orc warrior is lightly wounded.
The orc warrior hits you with a long sword of electrocution!!
You die...

## ##.# ####...##
........##
##.......####
#.........#..
#.....o.##.###
##<....@.......
........###.###
##...###.##.####..
##. ##.#.....a# #.
##.#### # #....#
#. ##....# ##..
##. ##.....# ....
....###......# #..


You could see an orc warrior.

Vanquished Creatures
  The ghost of braks the Chiller, a novice HEIE (D:4)
  Duvessa (D:5)
  A phantom (D:4)
  A black bear (D:6)
  A centaur (D:5)
  An ogre (D:4)
  2 giant frogs (D:6)
  Dowan (D:5)
  A scorpion (D:6)
  A crimson imp (D:5)
  A giant frog zombie (D:6)
  A jelly (D:5)
  2 hounds
  2 orc priests (D:3)
  4 orc wizards
  2 worker ants
  2 hound skeletons (D:5)
  Robin (D:2)
  7 adders
  2 river rats (D:5)
  A shadow imp (D:6)
  3 oozes
  2 adder skeletons
  2 worms
  6 giant geckos
  14 orcs
  5 ball pythons
  5 bats
  4 giant cockroaches
  18 goblins
  14 hobgoblins
  3 jackals (D:5)
  4 kobolds
  A quokka (D:3)
  A giant gecko skeleton (D:5)
  8 giant newts
  A quokka skeleton (D:5)
  6 rats
133 creatures vanquished.

Notes
Turn   | Place    | Note
--------------------------------------------------------------
     0 | D:1      | Daviar the Demigod Gladiator began the quest for the Orb.
     0 | D:1      | Reached XP level 1. HP: 17/17 MP: 3/3
   269 | D:1      | Reached XP level 2. HP: 24/24 MP: 4/4
   283 | D:1      | Reached skill level 3 in Polearms
   439 | D:1      | Reached XP level 3. HP: 27/30 MP: 5/5
  1017 | D:2      | Noticed Robin
  1059 | D:2      | Reached XP level 4. HP: 14/37 MP: 6/6
  1064 | D:2      | Killed Robin
  1337 | D:2      | Found a shattered altar of Ashenzari.
  1567 | D:2      | Reached skill level 1 in Evocations
  1802 | D:3      | Learned a level 3 spell: Tukima's Dance
  2148 | D:3      | Reached XP level 5. HP: 40/45 MP: 8/8
  2331 | D:3      | Reached skill level 1 in Spellcasting
  2335 | D:3      | Reached skill level 1 in Hexes
  2438 | D:3      | Found a blossoming altar of Fedhas.
  2709 | D:4      | Found an opulent altar of Gozag.
  2788 | D:4      | Noticed a phantom
  2820 | D:4      | Killed a phantom
  2820 | D:4      | Reached skill level 4 in Polearms
  2820 | D:4      | Reached XP level 6. HP: 20/51 MP: 9/11
  3125 | D:4      | Noticed braks's ghost (novice HEIE)
  3161 | D:4      | Killed braks's ghost
  3161 | D:4      | Reached XP level 7. HP: 19/59 MP: 11/13
  3494 | D:4      | Found a staircase to the Ecumenical Temple.
  4156 | D:5      | Entered Level 5 of the Dungeon
  4284 | D:5      | Got a heavy robe
  4285 | D:5      | Identified the +1 robe of Follow the Leader {rPois rC++ Dex+4} (You found it on level 5 of the Dungeon)
  4299 | D:5      | Found a glowing golden altar of the Shining One.
  4364 | D:5      | Reached skill level 5 in Polearms
  4579 | D:5      | Noticed Duvessa
  4581 | D:5      | Noticed Dowan
  4591 | D:5      | Killed Duvessa
  4593 | D:5      | Found a deep blue altar of Sif Muna.
  4596 | D:5      | Killed Dowan
  4694 | D:5      | Found a burning altar of Makhleb.
  5084 | D:5      | Reached skill level 5 in Fighting
  5084 | D:5      | Reached XP level 8. HP: 60/68 MP: 16/16
  5113 | D:6      | Found Haysesaw's Weapon Boutique.
  5161 | D:6      | Found a shadowy altar of Dithmenos.
  5716 | D:6      | Mangled by an orc warrior

Vault maps used:
D:1:      lemuel_arrival_behind_the_door_large, minmay_misc_feat_doors
D:2:      evilmike_ruin_ashenzari, uniq_robin
D:3:      marbit_many_paths
D:4:      lemuel_crystal_altar, minmay_temple_entry_metal_lava,
          minmay_curled_crystal, minmay_fountain_box
D:5:      makhleb_blood_cavern_becter, lemuel_doored_altar, first_bread,
          portal_sewer_entry_b, led_sif_book, uniq_duvessa
D:6:      overflow_temple_1_default, serial_shops, shop

Action                   |  1- 3 |  4- 6 |  7- 9 || total
-------------------------+-------+-------+-------++-------
Melee: Trident           |    76 |       |       ||    76
       Halberd           |    38 |   183 |   178 ||   399
Throw: Throwing net      |       |     3 |     1 ||     4
 Cast: Tukima's Dance    |       |       |     3 ||     3
  Use: Scroll            |       |     3 |     1 ||     4
       Potion            |       |     5 |     2 ||     7
 Stab: Sleeping          |     4 |     4 |     4 ||    12
       Distracted        |     1 |       |       ||     1
       Invisible         |       |     7 |     2 ||     9
       Held in net/web   |       |       |     2 ||     2
  Eat: Chunk             |       |     8 |     9 ||    17
